 Dungeon Crawl Stone Soup version 0.31-a0-1074-g0b22e4e0f1 (webtiles) character file.

Game seed: 15438127410500343392

262 croobank the Ruffian (level 6, 0/42 HPs)
             Began as an Octopode Shapeshifter on Dec 7, 2023.
             Killed from afar by a white imp (7 damage)
             ... with a puff of frost
             ... summoned by Eustachio
             ... on level 4 of the Dungeon.
             The game lasted 00:06:29 (2843 turns).

croobank the Ruffian (Octopode Shapeshifter)        Turns: 2843, Time: 00:06:29

Health: 0/42       AC:  1    Str: 13      XL:     6   Next: 18%
Magic:  6/6        EV: 13    Int: 14      God:
Gold:   119        SH:  0    Dex: 11 (12) Spells: 5/5 levels left

rFire   . .          .
                       - Unarmed
rCold   . . .        (no shield)
rNeg    . . .        (helmet currently unavailable)
rPois   .            l - amulet of regeneration
rElec   .            (no ring)
rCorr   .            (no ring)
SInv    .            (no ring)
Will    .....        (no ring)
Stlth   ++           (no ring)
HPRegen 1.07/turn    (no ring)
MPRegen 0.10/turn    (no ring)
                     (no ring)

%: no passive effects
@: mighty, beast-form
A: beast (slay +2), almost no armour, amphibious, 8 rings, camouflage 1,
gelatinous body 1, (nimble swimmer 1), tentacles
a: Begin Untransformation


You were on level 4 of the Dungeon.
You were a hulking beast.
You visited 1 branch of the dungeon, and saw 4 of its levels.

You collected 265 gold pieces.
You spent 146 gold pieces at shops.

Inventory:

Hand Weapons
 b - the +1 sling of the Horn {freeze, Int+4 Stlth+}
   (You took it off a kobold on level 2 of the Dungeon)

   Int+4:     It affects your intelligence (+4).
   Stlth+:    It makes you more stealthy.
 k - a +0 orcbow
Missiles
 g - 5 javelins (quivered)
 r - a throwing net
Armour
 e - a +3 buckler of reflection
Jewellery
 l - an amulet of regeneration (around mantle)
 n - an amulet of guardian spirit
 q - a ring of protection from fire
Talismans
 c - a flux talisman
 i - a beast talisman
Potions
 a - 3 potions of lignification
 f - a potion of enlightenment
 h - a potion of curing
 j - a potion of might
 m - a potion of mutation
 o - a potion of brilliance {unknown}
 p - a potion of ambrosia {unknown}


   Skills:
 + Level 3.0 Fighting
 + Level 3.4 Dodging
 + Level 1.0 Shields
 + Level 4.0 Unarmed Combat
 + Level 4.0 Shapeshifting


You had 5 spell levels left.
You didn't know any spells.
Your spell library was empty.

Dungeon Overview and Level Annotations

Branches:
Dungeon (4/15)
 Temple: D:4-7

Altars:
Trog

Shops:
D:3 :**?

Annotations:
D:3 1 runed translucent door, Crazy Yiuf
D:4 Eustachio


Innate Abilities, Weirdness & Mutations

You are a hulking beast.
Your limbs bulge with bestial killing power. (Slay +2)
You cannot wear most types of armour.
You are amphibious.
You can wear up to eight rings at the same time.
Your skin changes colour to match your surroundings (Stealth+).
Your rubbery body absorbs attacks. (AC +1, EV +1)
((You are camouflaged when in or above water. (Stealth+)))
You have tentacles for arms and can constrict up to eight enemies at once.


Message History

You tentacle-slap Eustachio but do no damage.
Eustachio is lightly wounded.
You constrict Eustachio. The white imp hits you. The white imp freezes you.
Eustachio hits you with a +0 rapier.
You tentacle-slap Eustachio but do no damage.
Eustachio is lightly wounded.
You constrict Eustachio. The white imp gestures at you.
The puff of frost hits you!
* * * LOW HITPOINT WARNING * * *
Eustachio gestures wildly while chanting.
You feel much better.
You constrict Eustachio, but do no damage.
The white imp disappears in a puff of smoke!
Eustachio casts a spell.
Eustachio blinks free!
The shadow imp barely misses you.
You feel very mighty all of a sudden. The quasit barely misses you.
The quasit closely misses you. x2
The white imp gestures at you. The puff of frost misses you.
The shadow imp misses you.
You barely miss Eustachio. Your grab misses Eustachio.
Your squeeze misses Eustachio.
Eustachio is lightly wounded.
The quasit bites you. The quasit claws you. x2
Eustachio gestures wildly while chanting.
You bludgeon Eustachio! Your grab misses Eustachio.
Eustachio is heavily wounded.
The quasit barely misses you. The quasit claws you. x2
You feel clumsy. The shadow imp hits you. The white imp gestures at you.
The puff of frost hits you! Eustachio hits you with a +0 rapier!
* * * LOW HITPOINT WARNING * * *
The quasit misses you. x2; The quasit completely misses you.
You barely miss Eustachio. You grab Eustachio. You squeeze Eustachio!!
Eustachio is almost dead.
You constrict Eustachio. The white imp gestures at you.
The puff of frost hits you!
You die...

...#..#...†...#..#.#
#.#..#.......#..#.# #
.#######.'..'###'###'..'.#
#..........#..#.'...+.#..#.#
#..######..#..#.#...#.#..#.#
#..........+##+.#._.#.+##+.#
# #..##.###..#rr#.#...#. #.#
#.#..##)†....#@5#.+...+. #.#
#.#..........'h.+###+### +.#
#........##..#55# ###
###.....###..#..#
######.....###+###
##...####.........
##.....###.########
#..>.>..##.# #.......#..#
#...>...##.#


You could see Eustachio, a quasit (summoned), a white imp (summoned), a shadow
imp (summoned) and 2 rats.

Vanquished Creatures
  Jessica (D:2)
  A sleepcap (D:4)
  Natasha (thrice) (D:2)
  4 gnolls (D:4)
  3 adders
  2 dart slugs (D:1)
  A ball python (D:4)
  7 bats
  4 endoplasms
  7 giant cockroaches
  6 hobgoblins
  3 jackals (D:4)
  9 kobolds
  6 quokkas
  3 frilled lizards
  4 goblins
  4 rats
68 creatures vanquished.

Notes
Turn   | Place    | Note
-------+----------+-------------------------------------------
     0 | D:1      | croobank the Octopode Shapeshifter began the quest for the
                  | Orb.
     0 | D:1      | Reached XP level 1. HP: 13/13 MP: 1/1
   181 | D:1      | Reached XP level 2. HP: 18/18 MP: 2/2
   575 | D:1      | Reached XP level 3. HP: 18/23 MP: 3/3
  1121 | D:2      | Noticed Natasha
  1127 | D:2      | Killed Natasha
  1128 | D:2      | Reached XP level 4. HP: 29/29 MP: 4/4
  1197 | D:2      | Noticed Natasha
  1214 | D:2      | Killed Natasha
  1237 | D:2      | Noticed Natasha
  1243 | D:2      | Killed Natasha
  1275 | D:2      | Noticed Jessica
  1286 | D:2      | Killed Jessica
  1287 | D:2      | Reached XP level 5. HP: 27/35 MP: 5/5
  1533 | D:2      | Identified the +1 sling of the Horn {freeze, Int+4 Stlth+}
  1699 | D:3      | Found Ytokis's Magic Scroll Shop.
  1702 | D:3      | Bought a scroll of identify for 26 gold pieces
  1702 | D:3      | Bought a scroll of identify for 26 gold pieces
  1702 | D:3      | Bought a scroll of identify for 26 gold pieces
  1706 | D:3      | Identified a scroll of acquirement
  1706 | D:3      | Acquired a +2 buckler of reflection
  1735 | D:3      | Found Gumoitze's Assorted Antiques.
  1739 | D:3      | Bought a golden potion for 16 gold pieces
  1739 | D:3      | Bought a scroll labelled TYWIFRO JODDIKH for 18 gold pieces
  1739 | D:3      | Bought a puce potion for 16 gold pieces
  1739 | D:3      | Bought a scroll labelled LOTU LONEURU for 18 gold pieces
  1903 | D:3      | Found Doanoph's General Store.
  1964 | D:3      | Found a faded altar of an unknown god.
  1987 | D:3      | Found Voqa's Book Shoppe.
  2343 | D:3      | Found a runed translucent door.
  2344 | D:3      | Noticed Crazy Yiuf
  2723 | D:4      | Found a bloodstained altar of Trog.
  2779 | D:4      | Reached XP level 6. HP: 41/41 MP: 6/6
  2796 | D:4      | Reached skill level 1 in Shields
  2832 | D:4      | Noticed Eustachio
  2843 | D:4      | Killed from afar by a white imp

Illustrated notes

Levels and vault maps discovered:
D:1:      minmay_arrival_hallway, layout_basic, kennysheep_crisscross,
          minivault_24, chequers_serial_rivers_micro_c,
          hangedman_abyss_or_decor_lesser_grid, minmay_worlds_worst_comb
D:2:      layout_basic, uniq_natasha, uniq_jessica
D:3:      layout_loops_ring, serial_shops, shop, shop, nicolae_shop_statue_plus,
          nicolae_shop_advertising_works [nicolae_subvault_shop_adworks],
          ebering_ecumenical_altar_rust, uniq_crazy_yiuf_cottage
D:4:      layout_loops_ring, mainiacjoe_overflow_24_doors,
          nicolae_overflow_hallway_of_the_gods,
          mainiacjoe_overflow_small_starburst, serial_bayou_pond_b,
          kennysheep_windowed_goal, uniq_eustachio

Skill      XL: |  1  2  3  4  5  6 |
---------------+-------------------+-----
Fighting       | 2 3 |  3.0
Dodging        | 3 |  3.4
Unarmed Combat | 4 |  4.0
Shapeshifting  | 4 |  4.0
Shields        | 1 |  1.0

Action                     |  1- 3 |  4- 6 || total
---------------------------+-------+-------++-------
  Melee: Unarmed           |    66 |    85 ||   151
         Constrict         |    19 |    24 ||    43
         Tentacles         |    10 |    19 ||    29
         Punch             |     3 |     2 ||     5
  Throw: Javelin           |       |     3 ||     3
    Use: Scroll            |       |     8 ||     8
         Potion            |       |     2 ||     2
   Stab: Sleeping          |     7 |     8 ||    15
 Armour: Skin              |    15 |    40 ||    55
  Dodge: Dodged            |    36 |    56 ||    92

Table legend: (Time is in decaauts)
 A = Elapsed time spent in this place.
 B = Non-inter-level travel time spent in this place.
 C = Inter-level travel time spent in this place.
 D = Time resting spent in this place.
 E = Time spent auto-exploring this place.
 F = Levels seen in this place.
 G = Mean time per level.
                   A        B        C        D        E       F      G
               +--------+--------+--------+--------+--------+-----+--------+
         Total |   2849 |   2734 |    115 |    220 |   1979 |   4 |  712.2 |
       Dungeon |   2849 |   2734 |    115 |    220 |   1979 |   4 |  712.2 |
               +--------+--------+--------+--------+--------+-----+--------+

Top non-repeatable levels by time:
     D:3: 876 daAuts
     D:1: 869 daAuts
     D:2: 787 daAuts
     D:4: 315 daAuts
